 Dungeon Crawl Stone Soup version 0.30-a0-38-g011bda1208 (webtiles) character file.

Game seed: 6196765188151742464

6184 LabCoat the Severer (level 10, -4/132 HPs)
             Began as a Hill Orc Fighter on Aug 28, 2022.
             Was a Believer of Trog.
             Slain by a troll (9 damage)
             ... on level 10 of the Dungeon.
             The game lasted 00:58:37 (8620 turns).

LabCoat the Severer (Hill Orc Fighter)              Turns: 8620, Time: 00:58:38

Health: -4/132     AC: 25    Str: 24    XL:     10   Next: 91%
Magic:  10/10      EV:  2    Int:  8    God:    Trog [**....]
Gold:   378        SH:  5    Dex: 10    Spells: 9/9 levels left

rFire   . . .      SeeInvis .    a - +0 war axe
rCold   + . .      Faith    .    c - +0 buckler
rNeg    . . .      Spirit   .    (body armour currently unavailable)
rPois   +          Reflect  .    (helmet currently unavailable)
rElec   .          Harm     .    (cloak currently unavailable)
rCorr   .          Rampage  .    (gloves currently unavailable)
Will    .....      NoTele   +    (boots currently unavailable)
Stlth   +.........               B - amulet of regeneration
HPRegen 1.12/turn                y - ring of protection from cold
MPRegen 0.12/turn                K - +4 ring of evasion

@: tree-form, on berserk cooldown, hasted, very quick
A: stationary, stasis, torment immunity, boosted hp
a: Renounce Religion, Berserk, Trog's Hand


You were on level 10 of the Dungeon.
You worshipped Trog.
Trog was pleased with you.
You were a tree.
You visited 2 branches of the dungeon, and saw 11 of its levels.

You collected 543 gold pieces.
You spent 165 gold pieces at shops.

Inventory:

Hand Weapons
 a - a +0 war axe (weapon)
 k - a +1 flail of draining
 r - a +2 dagger of electrocution
 v - a +3 mace of venom
 M - a +0 flail of holy wrath
Missiles
 e - 23 poisoned darts (quivered)
 p - 8 curare-tipped darts
 F - 2 atropa-tipped darts
 G - 3 datura-tipped darts
 N - 3 boomerangs of dispersal
Armour
 c - a +0 buckler (worn)
 j - a +2 cloak (melded)
 u - a +0 pair of gloves (melded)
 C - a +0 plate armour (melded)
Jewellery
 y - a ring of protection from cold (left branch)
 B - an amulet of regeneration (around neck)
 K - a +4 ring of evasion (right branch)
Wands
 x - a wand of mindburst (1)
 J - a wand of flame (10)
 L - a wand of paralysis (4)
Scrolls
 f - a scroll of amnesia
 h - 2 scrolls of blinking
 i - 2 scrolls of fear
 l - a scroll of acquirement {unknown}
 m - a scroll of magic mapping {unknown}
 n - 2 scrolls of immolation {unknown}
 s - a scroll of fog {unknown}
 t - 7 scrolls of teleportation
 w - a scroll of brand weapon {unknown}
 z - 2 scrolls of noise {unknown}
 E - 2 scrolls of enchant armour {unknown}
Potions
 b - 3 potions of flight
 g - 2 potions of curing
 o - a potion of haste
 q - 5 potions of cancellation
 A - 2 potions of brilliance
 H - 3 potions of lignification
 I - a potion of mutation {unknown}


   Skills:
 + Level 7.9 Fighting
 * Level 15.0 Axes
 + Level 4.8 Throwing
 + Level 7.2 Armour
 + Level 1.2 Dodging
 + Level 5.5 Shields
 + Level 2.3 Evocations


You had 9 spell levels left.
You didn't know any spells.
Your spell library contained the following spells:

 Spells                   Type           Power      Damage    Failure   Level
 Frozen Ramparts          Ice            0%         1d1       86%         3
 Gell's Gravitas          Tloc           0%         N/A       86%         3
 Teleport Other           Tloc           0%         N/A       86%         3
 Ice Form                 Ice/Tmut       0%         N/A       99%         4
 Summon Ice Beast         Ice/Summ       0%         N/A       99%         4
 Summon Forest            Summ/Tloc      0%         N/A       100%        5
 Summon Mana Viper        Hex/Summ       0%         N/A       100%        5
 Dispersal                Tloc           0%         N/A       100%        6
 Summon Cactus Giant      Summ           0%         N/A       100%        6


Dungeon Overview and Level Annotations

Branches:
Dungeon (10/15)            Temple (1/1) D:6             Orc (0/2) D:10
   Lair: D:8-11

Altars:
Ashenzari
Cheibriados
Dithmenos
Elyvilon
Fedhas
Gozag
Hepliaklqana
Kikubaaqudgha
Makhleb
Nemelex Xobeh
Okawaru
Qazlal
Ru
Sif Muna
Trog
Uskayaw
Wu Jian
Xom
Yredelemnul
Zin
The Shining One

Shops:
D:3 ?   D:6 :

Annotations:
D:3 2 transporters, Majang's ghost, amateur GrEE
D:10 Maggie


Message History

You block the troll's attack.
The troll claws you but does no damage. x2
You closely miss Maggie.
Maggie is lightly wounded.
You slash the troll! You slash Maggie!
Maggie is moderately wounded.
You closely miss the troll. You block Maggie's attack. The troll bites you!
* * * LOW HITPOINT WARNING * * *
The troll claws you but does no damage. x2
You barely miss Maggie.
Maggie is moderately wounded.
You closely miss the troll. You block Maggie's attack.
The troll bites you but does no damage.
The troll claws you but does no damage. x2
You slash Maggie!
Maggie is heavily wounded.
You hit the troll. Maggie hits you with a +0 broad axe!
* * * LOW HITPOINT WARNING * * *
The troll bites you but does no damage. The troll barely misses you.
The troll claws you.
* * * LOW HITPOINT WARNING * * *
You feel better. Maggie hits you with a +0 broad axe.
* * * LOW HITPOINT WARNING * * *
The troll bites you.
* * * LOW HITPOINT WARNING * * *
The troll claws you but does no damage. x2
You closely miss Maggie.
Maggie is heavily wounded.
You closely miss the troll.
You feel better. Maggie hits you with a +0 broad axe.
* * * LOW HITPOINT WARNING * * *
The troll bites you but does no damage. The troll claws you.
* * * LOW HITPOINT WARNING * * *
The troll claws you.
* * * LOW HITPOINT WARNING * * *
You hit Maggie but do no damage.
Maggie is heavily wounded.
You slash the troll!
You feel yourself speed up. Maggie barely misses you. The troll bites you!
You die...

.........###
............#
............###
..........(...
............#
............#
........@..#
........♣T##
...........#
...............
..<.............
.............##.
.........##..#
.........# ..#
.......... .##
......##..


You could see Maggie and a troll.

Vanquished Creatures
  Joseph (D:9)
  Sigmund (D:6)
  A shadow (D:9)
  2 wyverns
  6 yaks (D:8)
  An acid dragon (D:9)
  2 water moccasins
  6 orc warriors
  3 ice beasts
  2 sky beasts (D:7)
  3 black bears
  An ogre (D:4)
  4 centaurs
  A phantom (D:7)
  2 kobold brigands
  2 scorpions
  A necrophage (D:7)
  3 wights (D:6)
  9 killer bees
  3 howler monkeys
  3 electric eels (D:8)
  5 hounds
  6 orc priests
  2 gnoll boudas
  A jelly (D:8)
  6 iguanas
  14 orc wizards
  8 gnolls
  5 adders
  A shadow imp (D:8)
  2 white imps
  2 worms
  3 dart slugs
  51 orcs
  3 bats
  4 endoplasms
  2 giant cockroaches
  3 goblins
  2 hobgoblins
  5 jackals
  3 quokkas
  7 ball pythons
  2 frilled lizards (D:1)
  17 kobolds
  2 rats (D:3)
213 creatures vanquished.

Vanquished Creatures (others)
  31 plants (D:8)
31 creatures vanquished.

Grand Total: 244 creatures vanquished

Notes
Turn   | Place    | Note
-------+----------+-------------------------------------------
     0 | D:1      | LabCoat the Hill Orc Fighter began the quest for the Orb.
     0 | D:1      | Reached XP level 1. HP: 19/19 MP: 1/1
   283 | D:1      | Reached skill level 3 in Axes
   283 | D:1      | Reached XP level 2. HP: 23/27 MP: 2/2
  1065 | D:2      | Reached XP level 3. HP: 32/33 MP: 3/3
  1211 | D:2      | You fall into a shaft and drop 2 floors!
  1212 | D:4      | Noticed a scorpion
  1299 | D:3      | Reached skill level 4 in Axes
  1618 | D:3      | Found a transporter.
  1626 | D:3      | Noticed Majang's ghost (amateur GrEE)
  1648 | D:3      | Found a transporter.
  1797 | D:3      | Found Fagoypae's Magic Scroll Shop.
  1806 | D:3      | Bought a scroll of identify for 20 gold pieces
  1806 | D:3      | Bought a scroll of blinking for 75 gold pieces
  1806 | D:3      | Bought a scroll of teleportation for 30 gold pieces
  1806 | D:3      | Bought a scroll of identify for 20 gold pieces
  1806 | D:3      | Bought a scroll of identify for 20 gold pieces
  1925 | D:3      | Reached XP level 4. HP: 35/40 MP: 4/4
  2144 | D:4      | Noticed an ogre
  2151 | D:4      | Killed an ogre
  2152 | D:4      | Reached skill level 5 in Axes
  2152 | D:4      | Reached skill level 1 in Throwing
  2152 | D:4      | Reached XP level 5. HP: 47/47 MP: 5/5
  2420 | D:4      | Reached skill level 6 in Axes
  2449 | D:4      | Found an ornate altar of the Wu Jian Council.
  2522 | D:4      | Reached skill level 1 in Evocations
  2522 | D:4      | Reached XP level 6. HP: 53/53 MP: 6/6
  2779 | D:4      | Reached skill level 7 in Axes
  3265 | D:5      | Entered Level 5 of the Dungeon
  3272 | D:5      | Noticed a water moccasin
  3277 | D:5      | Killed a water moccasin
  3278 | D:5      | Reached XP level 7. HP: 58/60 MP: 7/7
  3376 | D:5      | Reached skill level 8 in Axes
  3742 | D:5      | Reached skill level 5 in Fighting
  4061 | D:5      | Found a white marble altar of Elyvilon.
  4118 | D:6      | Reached skill level 9 in Axes
  4118 | D:6      | Reached XP level 8. HP: 62/68 MP: 8/8
  4182 | D:6      | Reached skill level 5 in Armour
  4467 | D:6      | Reached skill level 10 in Axes
  4501 | D:6      | Found a staircase to the Ecumenical Temple.
  4532 | Temple   | Entered the Ecumenical Temple
  4538 | Temple   | Became a worshipper of Trog the Wrathful
  4937 | D:6      | Found Ciownoo's Tremendous Tomes.
  4959 | D:6      | Reached skill level 1 in Dodging
  5138 | D:6      | Noticed Sigmund
  5141 | D:6      | Killed Sigmund
  5182 | D:6      | Reached skill level 11 in Axes
  5182 | D:6      | Reached XP level 9. HP: 46/74 MP: 9/9
  5894 | D:7      | Reached skill level 12 in Axes
  6065 | D:7      | Reached * piety under Trog
  6200 | D:7      | Found an iron altar of Okawaru.
  6632 | D:8      | Found a shadowy altar of Dithmenos.
  6832 | D:8      | Reached skill level 5 in Shields
  6835 | D:8      | Reached skill level 13 in Axes
  6835 | D:8      | Reached XP level 10. HP: 84/84 MP: 10/10
  7103 | D:8      | Reached ** piety under Trog
  7842 | D:9      | Reached skill level 14 in Axes
  8067 | D:9      | Noticed Joseph
  8081 | D:9      | Killed Joseph
  8506 | D:10     | Entered Level 10 of the Dungeon
  8554 | D:10     | Found a staircase to the Orcish Mines.
  8583 | D:10     | Reached skill level 15 in Axes
  8593 | D:10     | Noticed a two-headed ogre
  8602 | D:10     | Noticed Maggie
  8616 | D:10     | HP: 5/132 [troll (3)]
  8620 | D:10     | Slain by a troll

Illustrated notes

Levels and vault maps discovered:
D:1:      saegor_arrival_simple_d, layout_basic
D:2:      layout_basic
D:3:      layout_rooms, serial_shops, shop, gammafunk_ghost_stat_death,
          grunt_decor_clamped
D:4:      layout_loops_ring, marbit_many_paths, kennysheep_cluttered_room,
          minmay_unequal
D:5:      layout_basic, amethyst_overflow_temple_binary
D:6:      layout_basic, minmay_temple_entry_glass,
          nicolae_shop_i_like_big_books, minmay_misc_feat_nine_boxes,
          uniq_sigmund
D:7:      layout_rooms, lemuel_coloured_pillars_altar
D:8:      layout_cave_pods, nicolae_dithmenos_the_darkroom, serial_bayou,
          serial_bayou_shore_a, serial_bayou_pond_b, serial_bayou_pond_d,
          serial_bayou_pond_c
D:9:      layout_long_grid, uniq_joseph
D:10:     layout_cave_pools, hiddenorc2_lemuel, uniq_maggie
Temple:   nicolae_temple_bog_church

Skill      XL: |  1  2  3  4  5  6  7  8  9 10 |
---------------+-------------------------------+-----
Axes           | 3 4 5 6 7 9 11 13 15 | 15.0
Fighting       | 4 5 6 7 |  7.9
Throwing       | 1 2 4 |  4.8
Evocations     | 1 2 |  2.3
Armour         | 4 5 6 7 |  7.2
Dodging        | 1 |  1.2
Shields        | 4 5 |  5.5

Action                   |  1- 3 |  4- 6 |  7- 9 | 10-12 || total
-------------------------+-------+-------+-------+-------++-------
Melee: War axe           |    77 |    86 |   310 |   260 ||   733
Throw: Dart              |    18 |    12 |    98 |    33 ||   161
       Throwing net      |     4 |       |       |       ||     4
Invok: Berserk           |       |       |       |     1 ||     1
Evoke: Wand              |     1 |    25 |    10 |    13 ||    49
  Use: Scroll            |     9 |     2 |     5 |     5 ||    21
       Potion            |       |     2 |     2 |     8 ||    12
 Stab: Paralysed         |       |       |       |     6 ||     6
Armor: Scale mail        |    44 |    13 |       |       ||    57
       Chain mail        |       |    36 |   102 |       ||   138
       Plate armour      |       |       |    97 |   110 ||   207
       Skin              |       |       |       |    14 ||    14
Dodge: Dodged            |    25 |    35 |    74 |    85 ||   219
Block: Buckler           |    18 |    32 |    58 |    44 ||   152

Table legend: (Time is in decaauts)
 A = Elapsed time spent in this place.
 B = Non-inter-level travel time spent in this place.
 C = Inter-level travel time spent in this place.
 D = Time resting spent in this place.
 E = Time spent auto-exploring this place.
 F = Levels seen in this place.
 G = Mean time per level.
                   A        B        C        D        E       F      G
               +--------+--------+--------+--------+--------+-----+--------+
         Total |   8666 |   8263 |    403 |    664 |   5965 |  11 |  787.8 |
       Dungeon |   8323 |   7938 |    385 |    528 |   5791 |  10 |  832.3 |
        Temple |    342 |    324 |     18 |    136 |    174 |   1 |  342.0 |
               +--------+--------+--------+--------+--------+-----+--------+

Top non-repeatable levels by time:
     D:6: 1300 daAuts
     D:4: 1241 daAuts
     D:8: 1058 daAuts
     D:9: 994 daAuts
     D:5: 845 daAuts
     D:1: 838 daAuts
     D:7: 705 daAuts
     D:2: 621 daAuts
     D:3: 617 daAuts
  Temple: 342 daAuts
    D:10: 100 daAuts
